 Dungeon Crawl Stone Soup version 0.18.1-50-g88ac8fd (webtiles) character file.

422 Kirkhe the Gusty (level 6, -2/28 HPs)
             Began as a Vine Stalker Air Elementalist on Oct 10, 2016.
             Slain by an iguana (10 damage)
             ... on level 4 of the Dungeon.
             The game lasted 00:10:13 (3384 turns).

Kirkhe the Gusty (Vine Stalker Air Elementalist)    Turns: 3384, Time: 00:10:13

Health: -2/28      AC:  3    Str: 10    XL:     6   Next: 95%
Magic:  0/14       EV: 12    Int: 17    God:
Gold:   182        SH:  0    Dex: 15    Spells: 4 memorised, 6 levels left

rFire  . . .     SeeInvis .     o - -2 dagger (curse)
rCold  + . .     Gourm    .     a - +0 robe
rNeg   . . .     Faith    .     (no shield)
rPois  .         Spirit   +     p - +0 helmet
rElec  .         Dismiss  .     (no cloak)
rCorr  .         Reflect  .     (no gloves)
SustAt .         Harm     .     (no boots)
MR     .....                    (no amulet)
Stlth  +.........               q - ring of loudness (curse)
                                j - ring of protection from cold

@: very slightly contaminated, not resistant to hostile enchantments, very
unstealthy
A: fangs 2, regeneration 2, magic shield, antimagic bite, no device heal 3, rot
immunity
a: no special abilities


You were on level 4 of the Dungeon.
You were not hungry.

You visited 1 branch of the dungeon, and saw 4 of its levels.

You collected 182 gold pieces.

Inventory:

Hand Weapons
 g - a +0 dagger
 o - a cursed -2 dagger (weapon)
Missiles
 e - 5 needles of confusion
Armour
 a - a +0 robe (worn)
 l - a +1 leather armour of fire resistance
 p - a +0 helmet (worn)
 u - a +3 leather armour
Jewellery
 j - a ring of protection from cold (left hand)
 q - a cursed ring of loudness (right hand)
 s - an uncursed ring of protection from magic {unknown}
Scrolls
 r - a scroll of identify
Potions
 d - a potion of heal wounds
 f - 3 potions of lignification
 i - a potion of cure mutation
 k - 4 potions of invisibility
Books
 b - a book of Air

   Spells                             Type                      Level
   a - Shock                          Conjuration/Air              1
   b - Swiftness                      Charms/Air                   2
   c - Repel Missiles                 Charms/Air                   2
   d - Static Discharge               Conjuration/Air              3
   e - Lightning Bolt                 Conjuration/Air              5
Miscellaneous
 h - a plain deck of summoning
Comestibles
 c - a bread ration
 n - 4 fruits
 t - 5 chunks of flesh


   Skills:
 - Level 1.5 Dodging
 - Level 2.4 Stealth
 + Level 4.6 Spellcasting
 + Level 3.4 Conjurations
 + Level 5.2 Air Magic


You had 6 spell levels left.
You knew the following spells:

 Your Spells              Type           Power        Failure   Level  Hunger
a - Shock                 Conj/Air       ###.         2%          1    None
b - Repel Missiles        Chrm/Air       ##....       10%         2    ##.....
c - Swiftness             Chrm/Air       ##......     10%         2    ##.....
d - Static Discharge      Conj/Air       ###.....     10%         3    ###....


Dungeon Overview and Level Annotations

Branches:
Dungeon (4/15)
 Temple: D:4-7

Altars:
Nemelex Xobeh
Pakellas

Annotations:
D:4 Eustachio


Innate Abilities, Weirdness & Mutations

You have extremely sharp teeth.
You heal very quickly.
When hurt, damage is shared between your health and your magic reserves.
Your bite disrupts and absorbs the magic of your enemies.
Potions and wands cannot restore your health.
You are immune to rotting.


Message History

The iguana is severely wounded.
You feel sick. The iguana barely misses you.
The orc hits you but does no damage.
Casting: Shock
Confirm with . or Enter, or press ? or * to list all spells.
Aiming: Shock
Press: ? - help, Shift-Dir - straight line, f/p - iguana
Aim: an iguana (severely wounded)
The zap hits the iguana.
The iguana appears unharmed.
The iguana is severely wounded.
The iguana bites you. The orc hits you with a dagger.
* * * LOW HITPOINT WARNING * * *
Casting: Shock
Confirm with . or Enter, or press ? or * to list all spells.
You don't have enough magic to cast that spell.
Unknown command.
Unknown command.
Drink which item? (? for menu, Esc to quit)
You feel better. The iguana bites you!
You die...

##### #.l.# #@# # #o#
######### #.#)#
#.......# #####.#.###
#<#####)# #.........#
#.# #)# #.........#
#.# #.) #.........#
#.# ###
#.........######.####
#.........#.........#


You could see an iguana and an orc.

Vanquished Creatures
  An ogre (D:4)
  A howler monkey (D:4)
  A crimson imp (D:3)
  A hound (D:4)
  Jessica (D:3)
  An orc wizard (D:4)
  A worker ant (D:4)
  Robin (D:2)
  5 adders
  An ooze (D:2)
  2 worms
  3 dart slugs (D:1)
  9 orcs (D:4)
  A ball python (D:2)
  4 giant cockroaches
  15 hobgoblins
  4 jackals (D:1)
  4 quokkas
  6 bats
  5 giant newts
  12 goblins
  4 kobolds
  4 rats
87 creatures vanquished.

Vanquished Creatures (others)
  A jelly (D:2)
1 creature vanquished.

Grand Total: 88 creatures vanquished

Notes
Turn   | Place    | Note
--------------------------------------------------------------
     0 | D:1      | Kirkhe the Vine Stalker Air Elementalist began the quest for the Orb.
     0 | D:1      | Reached XP level 1. HP: 9/9 MP: 4/4
   162 | D:1      | Found a sparkling altar of Nemelex Xobeh.
   178 | D:1      | Reached XP level 2. HP: 12/13 MP: 6/6
   398 | D:1      | Reached XP level 3. HP: 11/16 MP: 2/8
  1150 | D:2      | Noticed Robin
  1155 | D:2      | Killed Robin
  1155 | D:2      | Reached skill level 4 in Air Magic
  1161 | D:2      | Reached XP level 4. HP: 17/21 MP: 0/9
  1515 | D:2      | Found an oddly glowing altar of Pakellas.
  1515 | D:2      | Noticed an orange crystal statue
  2083 | D:3      | Reached XP level 5. HP: 20/24 MP: 0/11
  2334 | D:3      | Noticed Jessica
  2339 | D:3      | Killed Jessica
  2596 | D:4      | Gained mutation: You heal very quickly. [Vine Stalker growth]
  2596 | D:4      | Reached XP level 6. HP: 19/28 MP: 0/12
  2866 | D:4      | Reached skill level 5 in Air Magic
  2973 | D:4      | Noticed Eustachio
  3261 | D:4      | Learned a level 2 spell: Repel Missiles
  3264 | D:4      | Learned a level 2 spell: Swiftness
  3268 | D:4      | Learned a level 3 spell: Static Discharge
  3384 | D:4      | Slain by an iguana

Skill      XL: |  1  2  3  4  5  6 |
---------------+-------------------+-----
Air Magic      | 4 5 |  5.2
Conjurations   | 2 3 |  3.4
Spellcasting   | 3 4 |  4.6
Dodging        | |  1.5
Stealth        | |  2.4

Action                   |  1- 3 |  4- 6 || total
-------------------------+-------+-------++-------
Melee: Unarmed           |    12 |       ||    12
       Dagger            |    57 |    51 ||   108
       Bite              |    20 |     9 ||    29
 Cast: Shock             |    37 |   131 ||   168
  Use: Scroll            |       |    11 ||    11
       Potion            |       |     1 ||     1
 Stab: Sleeping          |       |     1 ||     1
  Eat: Chunk             |     1 |     7 ||     8
Armor: Robe              |    18 |    35 ||    53
Dodge: Dodged            |    47 |    72 ||   119
